AoeStats
← Noroad

African Clearing

510527799Analyzed
4v4 RM · 2d ago on Oct 1, 2026· 33m 0s· 8 players
Game mode
Random Map
Map size
Large (8 player)
Population
200
Speed
Normal
Resources
Standard
Victory
Conquest
Starting age
Dark Age
Ending age
Imperial Age
RankedLock teamsTeams togetherTeam positionsShared explorationLock speedFull tech treeHidden civsTurbo modeCheats
Victory
Defeat
🇸🇪 Mongols · Sweden
1268
+14
🇮🇳 Huns · India
1233
+21
🇨🇳 Spanish · China
1227
+16
🇨🇳 Khmer · China
1226
+16
🇩🇪 Poles · Germany
1274
-17
🇨🇿 Saracens · Czechia
1262
-17
🇩🇪 Persians · Germany
1214
-15
🇦🇺 Saxons · Australia
1168
-13
Noroad
11:08 Loom
11:16 Loom
14:47 Feudal Age
18:42 Castle Age
17:05 Double-Bit Axe
17:14 Horse Collar
21:10 Padded Archer Armor
27:40 Bow Saw
31:35 Gold Mining
32:36 Stone Mining
33:49 Wheelbarrow
33:00 Town Watch
ikaros
6:37 Loom
13:46 Feudal Age
15:19 Double-Bit Axe
19:58 Castle Age
23:57 Fletching
26:09 Bloodlines
25:59 Husbandry
27:23 Husbandry
31:34 Bodkin Arrow
31:53 Padded Archer Armor
31:55 Pikeman
32:50 Forging
32:44 Arson
随机便投
4:20 Loom
14:45 Feudal Age
18:47 Castle Age
17:11 Double-Bit Axe
17:12 Horse Collar
Toruk Makto
7:27 Loom
11:52 Feudal Age
15:35 Castle Age
13:32 Double-Bit Axe
14:32 Horse Collar
16:31 Bow Saw
17:25 Wheelbarrow
18:03 Fletching
21:47 Bloodlines
22:24 Bodkin Arrow
23:25 Husbandry
23:40 Padded Archer Armor
23:36 Town Watch
25:09 Ballistics
28:06 Hand Cart
28:10 Leather Archer Armor
32:34 Thumb Ring
ufokinw0tm8
6:37 Loom
13:53 Feudal Age
14:17 Man-at-Arms
16:46 Arson
20:02 Castle Age
19:57 Town Watch
20:21 Long Swordsman
21:21 Double-Bit Axe
26:13 Wheelbarrow
4♚Dreams
4:46 Loom
12:59 Feudal Age
13:30 Double-Bit Axe
13:30 Horse Collar
17:15 Stone Mining
23:42 Castle Age
21:58 Bloodlines
22:02 Forging
23:27 Scale Barding Armor
25:12 Heavy Plow
25:36 Husbandry
26:00 Chain Barding Armor
26:50 Szlachta Privileges
28:27 Gold Mining
Demshredz
4:34 Loom
21:31 Feudal Age
22:56 Wheelbarrow
22:12 Double-Bit Axe
26:17 Castle Age
26:41 Horse Collar
27:12 Bow Saw
27:22 Hand Cart
26:55 Town Watch
27:53 Bloodlines
27:59 Scale Barding Armor
28:05 Forging
30:48 Heavy Plow
Diablo
6:45 Loom
14:02 Feudal Age
14:49 Double-Bit Axe
18:47 Forging
Connection lost

Rejoining the realm…

Still unreachable

The connection could not be restored.

Session expired

The server has moved on; the page needs a fresh start.